 Dungeon Crawl Stone Soup version 0.29-a0-341-g24ffce5b50 (webtiles) character file.

Game seed: 5170422904713634573

1678 spaghetti the Grappler (level 8, 0/55 HPs)
             Began as a Demigod Fighter on Apr 20, 2022.
             Killed from afar by an electric eel (8 damage)
             ... with a bolt of electricity
             ... on level 7 of the Dungeon.
             The game lasted 00:10:59 (7097 turns).

spaghetti the Grappler (Demigod Fighter)            Turns: 7097, Time: 00:10:59

Health: 0/55       AC:  8    Str: 25    XL:     8   Next: 43%
Magic:  16/19      EV: 13    Int: 10    God:
Gold:   194        SH:  4    Dex: 13    Spells: 7/7 levels left

rFire   . . .      SeeInvis .     - Unarmed
rCold   . . .      Faith    .   b - +0 buckler
rNeg    . . .      Spirit   .   a - +0 scale mail
rPois   .          Reflect  .   (no helmet)
rElec   .          Harm     .   p - scarf {+Inv}
rCorr   .          Rampage  .   (no gloves)
Will    .....                   B - +1 pair of boots
Stlth   ..........              N - amulet of the acrobat
HPRegen 0.18/turn               n - ring of magical power
MPRegen 0.16/turn               P - +4 ring of evasion

@: hasted, quick
A: high MP 1, forlorn, divine attributes, frail 1, MP-powered wands
a: Evoke Invisibility


You were on level 7 of the Dungeon.
You visited 2 branches of the dungeon, and saw 8 of its levels.

You collected 290 gold pieces.
You spent 96 gold pieces at shops.


Innate Abilities, Weirdness & Mutations

You have an increased reservoir of magic. (+10% MP)
You shall have no god before yourself.
Your divine heritage dramatically boosts your attributes as you level up.
You are frail. (-10% HP)
You expend magic power (3 MP) to strengthen your wands.


   Skills:
 - Level 2.6 Fighting
 - Level 2.6 Armour
 - Level 2.6 Shields
 + Level 10.4 Unarmed Combat


You had 7 spell levels left.
You didn't know any spells.
Your spell library contained the following spells:

 Spells                   Type           Power      Damage    Failure   Level
 Summon Small Mammal      Summ           0%         N/A       77%         1
 Ensorcelled Hibernation  Hex/Ice        0%         N/A       88%         2
 Call Canine Familiar     Summ           0%         N/A       98%         3
 Spider Form              Tmut/Pois      0%         N/A       98%         3
 Summon Guardian Golem    Hex/Summ       0%         N/A       98%         3
 Anguish                  Hex/Necr       0%         N/A       100%        4

Inventory:

Hand Weapons
 e - a +0 dagger {short}
   (You took it off a goblin on level 1 of the Dungeon)
 f - a +0 dagger {short}
   (You took it off a goblin on level 1 of the Dungeon)
 g - a +0 trident {polearm}
   (You found it on level 1 of the Dungeon)
 i - a +0 mace {mace}
   (You found it on level 1 of the Dungeon)
 O - a +2 vorpal shortbow {bow}
   (You took it off a centaur on level 6 of the Dungeon)
Missiles
 h - 9 poisoned darts {throwing}
 l - 143 stones (quivered) {throwing}
 y - 2 curare-tipped darts {=fthrowing}
 G - 4 boomerangs {throwing}
 L - 2 throwing nets {=f!fthrowing}
Armour
 a - a +0 scale mail (worn)
 b - a +0 buckler (worn)
 p - a scarf of invisibility (worn)
   (You found it on level 2 of the Dungeon)
 B - a +1 pair of boots (worn)
   (You found it on level 3 of the Dungeon)
Jewellery
 k - a ring of protection from fire
   (You found it on level 1 of the Dungeon)
 n - a ring of magical power (left hand)
   (You found it on level 2 of the Dungeon)
 r - a ring of willpower
   (You found it on level 2 of the Dungeon)
 x - an amulet of regeneration {@e2}
   (You found it on level 3 of the Dungeon)
 N - an amulet of the acrobat (around neck)
   (You found it on level 6 of the Dungeon)
 P - a +4 ring of evasion (right hand)
   (You found it on level 6 of the Dungeon)
Wands
 q - a wand of flame (34)
   (You took it off Natasha on level 2 of the Dungeon)
 u - a wand of paralysis (3)
   (You took it off Ijyb on level 4 of the Dungeon)
 C - a wand of digging (6)
   (You found it on level 3 of the Dungeon)
 K - a wand of iceblast (7)
   (You found it on level 5 of the Dungeon)
Scrolls
 c - 4 scrolls of teleportation {unknown}
 d - 11 scrolls of identify {unknown}
 j - 3 scrolls of magic mapping {unknown}
 o - a scroll of noise {unknown}
 s - 2 scrolls of amnesia {unknown}
 t - 2 scrolls of summoning {unknown}
 D - a scroll of enchant armour {unknown}
 E - a scroll of immolation {unknown}
 F - 4 scrolls of brand weapon {unknown}
 J - a scroll of enchant weapon {unknown}
Potions
 m - a potion of magic
 v - a potion of might
 w - a potion of degeneration {unknown}
 z - a potion of invisibility {unknown}
 H - a potion of haste {@q3}
 I - a potion of ambrosia {unknown}
 M - a potion of curing {@q1}
 Q - a potion of brilliance {unknown}
 R - a potion of attraction {unknown}

Dungeon Overview and Level Annotations

Branches:
Dungeon (7/15)             Temple (1/1) D:5

Shops:
D:5 *   D:7 *

Annotations:
D:6 2 exclusions

###......##
##.## #........#
#... #.#.####.#
#.## #.#.# .#
#.## #.#.# ...#
# #.#.# #..
#.###.#.#### #.
#............ #
#.≈≈@≈≈.≈≈≈≈.
#..≈≈≈≈≈.≈≈≈≈.
.....≈≈≈≈≈.≈≈≈≈.
.....≈≈≈≈≈.≈≈≈≈.
...........≈≈≈≈.
.....≈≈≈≈.......
...#.≈≈≈≈.≈≈≈≈≈
####.SS≈≈.≈≈S≈≈


You could see 3 electric eels.


Message History

No target in view!
No target in view!
No target in view!
No target in view!
No target in view!
No target in view!
No target in view!
No target in view!
No target in view!
You see here a bullfrog corpse.
You now have 275 gold pieces (gained 14).
You see here a +0 chain mail.
Key pressed, stopping explore.
You open the door.
Found Jaixt's General Store. 😎 HP[+2]
Your hp is fully restored (62).
There is an open door here.
There is an entrance to Jaixt's General Store here.
A - 2 potions of mutation {!q} (gained 1) Thank you for shopping at Jaixt's General Store!
Really quaff
A - 2 potions of mutation {!q}?
Really quaff the potion of mutation?
You feel extremely strange.
Your iridescent scales disappear.
You can once more read scrolls while threatened.
You feel stupid.
You feel yourself wasting away.
No target in view!
Really quaff
A - a potion of mutation {!q}?
Really quaff the potion of mutation?
You feel extremely strange.
You feel clever.
You feel healthier.
You feel your magical essence link to the dungeon's wands.
You feel frail. 😎 HP[-7]
You now have 55 max hp (-7).
You now have 194 gold pieces (gained 15).
As you open the door, it creaks loudly!
There is an open door here.
An electric eel comes into view.
An electric eel is nearby!
An electric eel is nearby!
You closely miss the electric eel.
The electric eel shoots out a bolt of lightning at you!
The bolt of electricity misses you. The bolt of electricity hits you!
The bolt of electricity hits the electric eel.
The electric eel completely resists. 😕 HP[-7]
You take 7 damage, and now have 48/55 hp.
You closely miss the electric eel.
The electric eel shoots out a bolt of lightning at you!
The bolt of electricity hits you! x2
* * * LOW HITPOINT WARNING * * *
The bolt of electricity hits the electric eel.
The electric eel completely resists. 😨 HP[-22]
You take 22 damage, and now have 26/55 hp.
MASSIVE DAMAGE!! (PAUSE)
You miss the electric eel. 😨 HP[+1]
You closely miss the electric eel.
The electric eel shoots out a bolt of lightning at you!
The bolt of electricity misses you. x2
The bolt of electricity hits the electric eel.
The electric eel completely resists.
Aiming: Paralyse
Press: ? - help, Shift-Dir - straight line, f - electric eel
Aim: an electric eel (chance to affect: 62%)
You feel a surge of power!
The electric eel suddenly stops moving! 😨 MP[-3]
You lost 3 mp, and now have 16/19 mp.
The helpless electric eel fails to defend itself.
You hit the electric eel.
The helpless electric eel fails to defend itself.
You hit the electric eel.
The helpless electric eel fails to defend itself.
You pummel the electric eel!!
You kill the electric eel!
You hear a splash.
You enter the shallow water.
Moving in this stuff is going to be slow. 2 electric eels come into view.
The electric eel shoots out a bolt of lightning at you!
The bolt of electricity hits you!
* * * LOW HITPOINT WARNING * * *
The electric eel shoots out a bolt of lightning at you!
The bolt of electricity misses you.
You see here an electric eel corpse. 😨 HP[-12]
You take 12 damage, and now have 15/55 hp.
MASSIVE DAMAGE!! (PAUSE)
Okay, then.
You feel yourself speed up.
An electric eel comes into view.
The electric eel shoots out a bolt of lightning at you!
The bolt of electricity hits you!
* * * LOW HITPOINT WARNING * * *
The electric eel shoots out a bolt of lightning at you!
The bolt of electricity hits you!
You die...

Skill      XL: |  1  2  3  4  5  6  7  8 |
---------------+-------------------------+-----
Unarmed Combat | 2 3 4 5 6 7 9 10 | 10.4
Fighting       | |  2.6
Armour         | |  2.6
Shields        | |  2.6

Action                   |  1- 3 |  4- 6 |  7- 9 || total
-------------------------+-------+-------+-------++-------
Melee: Unarmed           |   179 |   259 |   176 ||   614
Throw: Stone             |       |    32 |    22 ||    54
       Dart              |       |     1 |       ||     1
Evoke: Wand              |       |       |     1 ||     1
  Use: Potion            |     1 |     5 |     4 ||    10
 Stab: Paralysed         |       |       |     3 ||     3
Armor: Scale mail        |    91 |   101 |    63 ||   255
Dodge: Dodged            |    83 |   112 |    64 ||   259
Block: Buckler           |    49 |    55 |    40 ||   144

Levels and vault maps discovered:
D:1:      roderic_crop_circles_arrival_small, layout_loops_ring
D:2:      layout_basic, uniq_natasha
D:3:      layout_loops_ring, hellmonk_ecumenical_altar_crossroads,
          columned_hall_lemuel, st_stairs_4
D:4:      layout_layer_cave, nicolae_figureground_pulse, uniq_ijyb
D:5:      layout_rooms, nicolae_gozag_zags_fifth_avenue, temple_statues,
          serial_bayou, serial_bayou_shore_a, serial_bayou_ford_a,
          serial_bayou_pond_d, serial_bayou_lake_a
D:6:      lemuel_ice_spiral_2, layout_basic, serial_corexii_hall,
          corexii_hall_statues_l, corexii_hall_statues_s, water_maze_lemuel
D:7:      layout_loops_ring, serial_shops, nicolae_shop_hallway_plus,
          minivault_14, abandoned_shop, chequers_arboretum,
          uniq_crazy_yiuf_cottage
Temple:   compressed_dpeg_triangle_lava_temple

Notes
Turn   | Place    | Note
-------+----------+-------------------------------------------
     0 | D:1      | spaghetti the Demigod Fighter began the quest for the Orb.
     0 | D:1      | Reached XP level 1. HP: 18/18 MP: 3/3
     0 | D:1      | magus.rc [v1.9.6]
    36 | D:1      | Reached skill level 2 in Unarmed Combat
   231 | D:1      | Reached XP level 2. HP: 22/25 MP: 4/4
   482 | D:1      | Reached skill level 3 in Unarmed Combat
  1124 | D:2      | Reached XP level 3. HP: 23/30 MP: 5/5
  1669 | D:2      | Noticed Natasha
  1692 | D:2      | Killed Natasha
  1693 | D:2      | Reached skill level 4 in Unarmed Combat
  1693 | D:2      | Reached XP level 4. HP: 18/37 MP: 6/6
  2054 | D:2      | Noticed Natasha
  2065 | D:2      | Gained mutation: You are clumsy. (Dex -2) [potion of
                  | mutation]
  2065 | D:2      | Lost mutation: You are clumsy. (Dex -2) [potion of
                  | mutation]
  2065 | D:2      | Gained mutation: You sometimes lose the ability to read
                  | scrolls when taking damage. [potion of mutation]
  2065 | D:2      | Gained mutation: You are partially covered in iridescent
                  | scales. (AC +2) [potion of mutation]
  2067 | D:2      | Killed Natasha
  2514 | D:2      | Noticed Natasha
  2523 | D:2      | Killed Natasha
  2524 | D:2      | Reached skill level 5 in Unarmed Combat
  2524 | D:2      | Reached XP level 5. HP: 37/42 MP: 7/7
  3656 | D:4      | Noticed a black bear
  3671 | D:3      | Killed a black bear
  3672 | D:3      | Reached skill level 6 in Unarmed Combat
  3672 | D:3      | Reached XP level 6. HP: 49/50 MP: 8/8
  3941 | D:4      | You pick up a book of Callings and begin reading...
  3941 | D:4      | You add the spells Summon Small Mammal, Call Canine
                  | Familiar and Summon Guardian Golem to your library.
  3995 | D:4      | Noticed Ijyb
  4016 | D:4      | Paralysed by Ijyb for 6 turns
  4067 | D:4      | Killed Ijyb
  4807 | D:5      | Entered Level 5 of the Dungeon
  4807 | D:5      | Noticed a steam dragon
  4829 | D:5      | Killed a steam dragon
  4830 | D:5      | Reached skill level 7 in Unarmed Combat
  4839 | D:5      | Reached XP level 7. HP: 55/56 MP: 9/9
  4968 | D:5      | Found a staircase to the Ecumenical Temple.
  4994 | D:5      | HP: 8/56 [ogre/+0 giant club (25)]
  5011 | Temple   | Entered the Ecumenical Temple
  5171 | D:5      | Found Gozag's Platinum Reserve.
  5200 | D:5      | Reached skill level 8 in Unarmed Combat
  6036 | D:6      | You pick up a book of Callings and begin reading...
  6095 | D:6      | Reached skill level 9 in Unarmed Combat
  6105 | D:6      | HP: 13/56 [something/magic dart (7)]
  6113 | D:6      | Reached XP level 8. HP: 33/62 MP: 10/10
  6261 | D:6      | You pick up a book of Dreams and begin reading...
  6261 | D:6      | You add the spells Ensorcelled Hibernation, Spider Form and
                  | Anguish to your library.
  6296 | D:6      | Reached skill level 10 in Unarmed Combat
  7061 | D:7      | Found Jaixt's General Store.
  7066 | D:7      | Bought a potion of mutation for 96 gold pieces
  7066 | D:7      | Lost mutation: You are partially covered in iridescent
                  | scales. (AC +2) [potion of mutation]
  7066 | D:7      | Lost mutation: You sometimes lose the ability to read
                  | scrolls when taking damage. [potion of mutation]
  7066 | D:7      | Gained mutation: You are dopey. (Int -2) [potion of
                  | mutation]
  7066 | D:7      | Gained mutation: Your body sometimes deteriorates upon
                  | taking damage. [potion of mutation]
  7067 | D:7      | Lost mutation: You are dopey. (Int -2) [potion of mutation]
  7067 | D:7      | Lost mutation: Your body sometimes deteriorates upon taking
                  | damage. [potion of mutation]
  7067 | D:7      | Gained mutation: You expend magic power (3 MP) to
                  | strengthen your wands. [potion of mutation]
  7067 | D:7      | Gained mutation: You are frail. (-10% HP) [potion of
                  | mutation]
  7097 | D:7      | HP: 8/55 [electric eel/bolt of electricity (7)]
  7097 | D:7      | Killed from afar by an electric eel

Vanquished Creatures
  A steam dragon (D:5)
  An orc warrior (D:6)
  A black bear (D:3)
  3 ogres
  A centaur (D:6)
  A gnoll sergeant (D:6)
  A bullfrog (D:7)
  A necrophage (D:5)
  3 scorpions
  An electric eel (D:7)
  2 hounds
  4 orc priests
  An iguana (D:5)
  Ijyb (D:4)
  Natasha (thrice) (D:2)
  2 orc wizards
  7 gnolls
  5 adders
  A white imp (D:6)
  An ufetubus (D:3)
  5 worms
  3 dart slugs
  19 orcs
  10 ball pythons
  7 bats
  5 endoplasms
  4 giant cockroaches
  9 goblins
  9 hobgoblins
  11 jackals
  6 kobolds
  6 quokkas
  4 frilled lizards
  4 rats
143 creatures vanquished.

Vanquished Creatures (others)
  127 plants
127 creatures vanquished.

Grand Total: 270 creatures vanquished

Table legend:
 A = Non-vault XP
 B = Vault XP
 C = Vault XP percentage of total XP
 D = Non-vault monster count
 E = Vault monster count
 F = Vault count percentage of total count
                 A         B        C        D         E       F
            +---------+---------+-------+---------+---------+-------
      Total |    2325 |      73 |   3.0 |     139 |       4 |   2.8
            +---------+---------+-------+---------+---------+-------
        D:1 |      57 |       0 |   0.0 |      31 |       0 |   0.0
        D:2 |     150 |      35 |  18.9 |      25 |       1 |   3.8
        D:3 |     225 |       3 |   1.3 |      18 |       2 |  10.0
        D:4 |     114 |      35 |  23.5 |      18 |       1 |   5.3
        D:5 |     877 |       0 |   0.0 |      27 |       0 |   0.0
        D:6 |     759 |       0 |   0.0 |      18 |       0 |   0.0
        D:7 |     143 |       0 |   0.0 |       2 |       0 |   0.0
            +---------+---------+-------+---------+---------+-------

Illustrated notes

Table legend:
 A = Kills in this place as a percentage of kills in entire the game.
 B = Kills by you in this place as a percentage of kills by you in the entire game.
 C = Kills by friends in this place as a percentage of kills by friends in the entire game.
 D = Other kills in this place as a percentage of other kills in the entire game.
 E = Experience gained in this place as a percentage of experience gained in the entire game.
 F = Experience gained in this place divided by the number of levels of this place that you have seen.
                   A       B       C       D       E      F
               +-------+-------+-------+-------+-------+----------------------
         Total | 100.0 | 100.0 |   N/A |   N/A | 100.0 | 299.8
       Dungeon | 100.0 | 100.0 |   N/A |   N/A | 100.0 | 342.6
               +-------+-------+-------+-------+-------+----------------------

Table legend: (Time is in decaauts)
 A = Elapsed time spent in this place.
 B = Non-inter-level travel time spent in this place.
 C = Inter-level travel time spent in this place.
 D = Time resting spent in this place.
 E = Time spent auto-exploring this place.
 F = Levels seen in this place.
 G = Mean time per level.
                   A        B        C        D        E       F      G
               +--------+--------+--------+--------+--------+-----+--------+
         Total |   7124 |   6608 |    516 |    842 |   4545 |   8 |  890.5 |
       Dungeon |   7091 |   6575 |    516 |    810 |   4545 |   7 | 1013.0 |
        Temple |     33 |     33 |      0 |     32 |      0 |   1 |   33.0 |
               +--------+--------+--------+--------+--------+-----+--------+

Top non-repeatable levels by time:
     D:1: 1542 daAuts
     D:5: 1252 daAuts
     D:2: 1196 daAuts
     D:4: 1123 daAuts
     D:6: 959 daAuts
     D:3: 944 daAuts
     D:7: 72 daAuts
  Temple: 33 daAuts
